 Dungeon Crawl Stone Soup version 0.19.4 (webtiles) character file.

1248 Naow the Destroyer (level 8, -5/36 HPs)
             Began as a Deep Elf Conjurer on Jan 30, 2017.
             Slain by an orc warrior
             ... wielding a +0 halberd
              (22 damage)
             ... on level 6 of the Dungeon.
             The game lasted 00:10:23 (6889 turns).

Naow the Destroyer (Deep Elf Conjurer)              Turns: 6889, Time: 00:10:23

Health: -5/36      AC:  4    Str:  5    XL:     8   Next: 26%
Magic:  1/20       EV: 13    Int: 28    God:
Gold:   309        SH:  0    Dex: 15    Spells: 4 memorised, 9 levels left

rFire  . . .     SeeInvis .     j - +0 dagger
rCold  . . .     Gourm    .     a - +0 robe
rNeg   . . .     Faith    .     (no shield)
rPois  .         Spirit   .     i - +1 hat
rElec  .         Reflect  .     w - +0 cloak
rCorr  .         Harm     .     (no gloves)
MR     .....     Clarity  +     (no boots)
Stlth  ++........               (no amulet)
                                B - ring of wizardry
                                u - +5 ring of intelligence

@: no status effects
A: horns 1, clarity, frail 1
a: no special abilities


You were on level 6 of the Dungeon.
You were not hungry.

You visited 1 branch of the dungeon, and saw 6 of its levels.

You collected 309 gold pieces.

Inventory:

Hand Weapons
 j - a +0 dagger (weapon)
 t - a +1 vampiric dagger
Armour
 a - a +0 robe (worn)
 i - a +1 hat (worn)
 v - a +0 buckler
 w - a +0 cloak (worn)
Jewellery
 e - an uncursed ring of protection from cold
 u - a +5 ring of intelligence (left hand)
 B - a ring of wizardry (right hand)
 E - an uncursed ring of protection from fire {unknown}
Wands
 n - a wand of digging (8/24)
 x - a wand of iceblast (6/15)
 z - a wand of paralysis (8/24)
Scrolls
 f - 3 scrolls of teleportation {unknown}
 l - 6 scrolls of identify {unknown}
 o - 3 scrolls of remove curse
 p - a scroll of recharging {unknown}
 q - 2 scrolls of fear {unknown}
 r - a scroll of enchant weapon {unknown}
 s - 2 scrolls of enchant armour {unknown}
 y - a scroll of magic mapping {unknown}
Potions
 d - a potion of mutation
 g - a potion of might
 h - a potion of agility {unknown}
 k - a potion of cancellation
 A - 2 potions of heal wounds {unknown}
Books
 b - a book of Conjurations

   Spells                             Type                      Level
   a - Magic Dart                     Conjuration                  1
   b - Searing Ray                    Conjuration                  2
   c - Dazzling Spray                 Conjuration/Hexes            3
   d - Fulminant Prism                Conjuration/Hexes            4
   e - Iskenderun's Mystic Blast      Conjuration                  4
   f - Iskenderun's Battlesphere      Conjuration/Charms           5
Comestibles
 c - 4 bread rations
 m - a beef jerky
 C - a slice of pizza
 D - a chunk of flesh


   Skills:
 - Level 2.4 Dodging
 - Level 2.4 Stealth
 + Level 2.2 Shields
 + Level 7.3 Spellcasting
 * Level 8.8 Conjurations
 + Level 5.4 Charms


You had 9 spell levels left.
You knew the following spells:

 Your Spells              Type           Power        Failure   Level  Hunger
a - Magic Dart            Conj           ####         1%          1    None
b - Searing Ray           Conj           ######       1%          2    None
c - Iskenderun's Battles  Conj/Chrm      ######..     4%          5    ####...
d - Iskenderun's Mystic   Conj           ######..     1%          4    ##.....


Dungeon Overview and Level Annotations

Branches:
Dungeon (6/15)
 Temple: D:4-7

Altars:
Fedhas
Kikubaaqudgha
Trog


Innate Abilities, Weirdness & Mutations

You have a pair of small horns on your head.
You possess an exceptional clarity of mind.
You are frail. (-10% HP)


Message History

Casting: Magic Dart
Confirm with . or Enter, or press ? or * to list all spells.
Aiming: Magic Dart
Press: ? - help, Shift-Dir - straight line, f/p - orc warrior
Aim: an orc warrior, wielding a halberd and wearing a plate armour (almost dead)
The magic dart hits the orc warrior.
The orc warrior is almost dead.
The orc warrior hits you from afar with a halberd!!
Ouch! That really hurt!
A leopard gecko skeleton comes into view.
Casting: Magic Dart
Confirm with . or Enter, or press ? or * to list all spells.
Aiming: Magic Dart
Press: ? - help, Shift-Dir - straight line, f/p - orc warrior
Aim: an orc warrior, wielding a halberd and wearing a plate armour (almost dead)
The magic dart hits the orc warrior.
The orc warrior is almost dead.
The orc warrior hits you from afar with a halberd!!
Ouch! That really hurt!
You die...

#.)....# #......#
#......# #......#
#......# #......#
#......#
##########......#
......)Z..o.@...#
###
##...############
#.. ..o #.# # .. #.#
... #.# .... #.#
....####### #.#
..........########.#
....................


You could see an orc warrior and a leopard gecko skeleton.

Vanquished Creatures
  2 ogres
  The ghost of Steam the Digger, an amateur GrEE (D:3)
  Blork the orc (D:4)
  A gnoll sergeant (D:5)
  A scorpion (D:3)
  A crimson imp (D:5)
  A hound (D:5)
  A bullfrog skeleton (D:4)
  An orc priest (D:5)
  7 orc wizards
  Crazy Yiuf (D:5)
  An iguana (D:3)
  Natasha (thrice) (D:4)
  A hell rat (D:6)
  A worker ant (D:3)
  Robin (D:4)
  9 gnolls
  8 river rats (D:6)
  2 adders
  4 oozes
  An adder skeleton (D:4)
  2 worms
  2 dart slugs
  4 leopard geckos
  15 orcs
  4 bats
  5 giant cockroaches
  13 goblins
  9 hobgoblins
  2 jackals (D:6)
  6 kobolds
  4 quokkas
  5 frilled lizards
  A leopard gecko skeleton (D:6)
  32 rats
  A fungus (D:5)
154 creatures vanquished.

Notes
Turn   | Place    | Note
-------+----------+-------------------------------------------
     0 | D:1      | Naow the Deep Elf Conjurer began the quest for the Orb.
     0 | D:1      | Reached XP level 1. HP: 10/10 MP: 6/6
   580 | D:1      | Reached XP level 2. HP: 15/15 MP: 5/8
   584 | D:1      | Learned a level 2 spell: Searing Ray
   884 | D:2      | Reached skill level 5 in Conjurations
  1002 | D:2      | Found a bloodstained altar of Trog.
  1034 | D:2      | Reached XP level 3. HP: 16/19 MP: 5/10
  1862 | D:3      | Reached XP level 4. HP: 24/24 MP: 10/12
  1878 | D:3      | Reached skill level 6 in Conjurations
  2173 | D:3      | Noticed Steam's ghost (amateur GrEE)
  2299 | D:3      | Reached XP level 5. HP: 28/28 MP: 9/14
  2306 | D:3      | Learned a level 5 spell: Iskenderun's Battlesphere
  2314 | D:3      | Learned a level 4 spell: Iskenderun's Mystic Blast
  2446 | D:3      | Killed Steam's ghost
  2446 | D:3      | Reached skill level 5 in Spellcasting
  2446 | D:3      | Reached skill level 1 in Charms
  2895 | D:4      | Gained mutation: You possess an exceptional clarity of mind. [potion of mutation]
  2895 | D:4      | Gained mutation: You have a pair of small horns on your head. [potion of mutation]
  2895 | D:4      | Gained mutation: You are frail. (-10% HP) [potion of mutation]
  2908 | D:3      | Reached XP level 6. HP: 4/28 MP: 11/16
  3201 | D:4      | Reached skill level 7 in Conjurations
  3286 | D:4      | Noticed Robin
  3293 | D:4      | Killed Robin
  3584 | D:4      | Noticed Blork the orc
  3589 | D:4      | Killed Blork the orc
  3814 | D:4      | Reached XP level 7. HP: 32/32 MP: 9/18
  4002 | D:4      | Found an ancient bone altar of Kikubaaqudgha.
  4002 | D:4      | Noticed Natasha
  4007 | D:4      | Killed Natasha
  4083 | D:4      | Noticed Natasha
  4086 | D:4      | Killed Natasha
  4253 | D:4      | Noticed Natasha
  4261 | D:4      | Killed Natasha
  4321 | D:4      | Reached skill level 8 in Conjurations
  4426 | D:5      | Entered Level 5 of the Dungeon
  4545 | D:5      | Reached skill level 1 in Shields
  5022 | D:5      | Reached skill level 5 in Charms
  5026 | D:5      | Reached XP level 8. HP: 2/36 MP: 2/20
  5598 | D:5      | Found a blossoming altar of Fedhas.
  5915 | D:5      | Found a runed door.
  5919 | D:5      | Noticed Crazy Yiuf
  5922 | D:5      | Killed Crazy Yiuf
  6889 | D:6      | Slain by an orc warrior

Skill      XL: |  1  2  3  4  5  6  7  8 |
---------------+-------------------------+-----
Conjurations   | 5 6 7 8 |  8.8
Spellcasting   | 4 5 6 7 |  7.3
Charms         | 1 3 5 |  5.4
Shields        | 1 2 |  2.2
Dodging        | |  2.4
Stealth        | |  2.4

Action                   |  1- 3 |  4- 6 |  7- 9 || total
-------------------------+-------+-------+-------++-------
Melee: Dagger            |       |    17 |       ||    17
       Headbutt          |       |     2 |       ||     2
 Cast: Magic Dart        |    63 |    97 |   113 ||   273
       Searing Ray       |     2 |    11 |    17 ||    30
       Iskenderun's Myst |       |     4 |     6 ||    10
       Iskenderun's Batt |       |     3 |     4 ||     7
  Use: Potion            |       |     4 |       ||     4
       Scroll            |       |       |     1 ||     1
  Eat: Chunk             |     3 |     7 |     5 ||    15
       Meat ration       |       |       |     1 ||     1
Armor: Robe              |     2 |     9 |     2 ||    13
Dodge: Dodged            |     3 |    68 |    26 ||    97
